 Dungeon Crawl Stone Soup version 0.21.1-1-g345015f (webtiles) character file.

51 keltmir the Grave Robber (level 3, -2/26 HPs)
             Began as a Demonspawn Necromancer on Mar 31, 2018.
             Slain by a kobold
             ... wielding a +0 club
              (3 damage)
             ... on level 3 of the Dungeon.
             The game lasted 00:12:58 (3136 turns).

keltmir the Grave Robber (Demonspawn Necromancer)   Turns: 3136, Time: 00:12:58

Health: -2/26      AC:  3    Str:  8    XL:     3   Next: 58%
Magic:  6/6        EV: 12    Int: 17    God:
Gold:   137        SH:  0    Dex: 13    Spells: 4/6 levels left

rFire    . . .     SeeInvis .   d - +2 dagger (speed)
rCold    . . .     Gourm    .   (no shield)
rNeg     . . .     Faith    .   a - +0 robe
rPois    .         Spirit   .   (no helmet)
rElec    .         Reflect  .   (no cloak)
rCorr    .         Harm     .   (no gloves)
MR       .....                  j - +0 pair of boots
Stlth    ++........             (no amulet)
HPRegen  0.08/turn              (no ring)
MPRegen  0.10/turn              (no ring)

@: no status effects
A: claws 1
a: no special abilities


You were on level 3 of the Dungeon.
You were hungry.

You visited 1 branch of the dungeon, and saw 3 of its levels.

You collected 137 gold pieces.

Inventory:

Hand Weapons
 d - a +2 dagger of speed (weapon)
Missiles
 i - a throwing net (quivered)
Armour
 a - a +0 robe (worn)
 j - a +0 pair of boots (worn)
Jewellery
 m - an uncursed ring of poison resistance {unknown}
Potions
 e - a potion of might {unknown}
 f - 3 potions of degeneration {unknown}
 g - a potion of invisibility {unknown}
 h - 2 potions of berserk rage {unknown}
 l - a potion of heal wounds {unknown}
Books
 b - a book of Necromancy

   Spells                             Type                      Level
   a - Pain                           Necromancy                   1
   b - Animate Skeleton               Necromancy                   1
   c - Vampiric Draining              Necromancy                   3
   d - Regeneration                   Charms/Necromancy            3
   e - Animate Dead                   Necromancy                   4
   f - Borgnjor's Vile Clutch         Necromancy/Earth             5
Comestibles
 c - 7 rations


   Skills:
 + Level 1.3 Fighting
 - Level 1.7 Dodging
 - Level 1.7 Stealth
 + Level 2.4 Spellcasting
 * Level 5.2 Necromancy


You had 4 spell levels left.
You knew the following spells:

 Your Spells              Type           Power        Failure   Level  Hunger
a - Pain                  Necr           ###.         1%          1    #......
b - Animate Skeleton      Necr           N/A          1%          1    #......


Dungeon Overview and Level Annotations

Branches:
Dungeon (3/15)

Altars:
Okawaru
Qazlal

Annotations:
D:3 Purgy


Innate Abilities, Weirdness & Mutations

You have sharp fingernails.


Message History

The kobold hits you with a club.
* * * LOW HITPOINT WARNING * * *
The rat closely misses you. The big kobold hits you with a club.
* * * LOW HITPOINT WARNING * * *
The kobold hits you but does no damage. The kobold misses you.
The rat closely misses you. The kobold barely misses you.
The big kobold closely misses you. The kobold closely misses you.
The rat closely misses you. The kobold hits you.
* * * LOW HITPOINT WARNING * * *
The big kobold hits you with a club.
* * * LOW HITPOINT WARNING * * *
The kobold hits you with a club.
* * * LOW HITPOINT WARNING * * *
The rat bites you.
* * * LOW HITPOINT WARNING * * *
The kobold misses you.
Unknown command.
The big kobold hits you but does no damage.
The kobold hits you with a club.
You die...

≈≈≈≈≈≈≈≈ #####
≈≈≈≈≈≈≈≈
#...###############
#...#......## #...
#...#.......## ....
#K##........#.....
#KKr........#r....
#KKK(((..(.('.....
#@rK.......(#.....
#K##...$..((# ....
KKK#.....(.## ...
#.K.#.(...(## ..
#...######## #
#####


You could see a big kobold, a quokka, 11 kobolds and a rat.

Vanquished Creatures
  An adder (D:2)
  An ooze (D:3)
  A dart slug (D:2)
  2 leopard geckos
  An orc (D:3)
  3 bats
  3 goblins
  2 hobgoblins (D:1)
  7 jackals
  2 frilled lizards
  5 kobolds
  4 rats
32 creatures vanquished.

Vanquished Creatures (collateral kills)
  A kobold (D:2)
1 creature vanquished.

Grand Total: 33 creatures vanquished

Notes
Turn   | Place    | Note
-------+----------+-------------------------------------------
     0 | D:1      | keltmir the Demonspawn Necromancer began the quest for the Orb.
     0 | D:1      | Reached XP level 1. HP: 13/13 MP: 3/3
     2 | D:1      | Learned a level 1 spell: Animate Skeleton
   689 | D:1      | Gained mutation: You have sharp fingernails. [demonic ancestry]
   689 | D:1      | Reached XP level 2. HP: 20/20 MP: 3/5
  1735 | D:2      | Found a stormy altar of Qazlal.
  1763 | D:2      | Reached skill level 5 in Necromancy
  1910 | D:2      | Reached skill level 1 in Fighting
  1979 | D:2      | Found an iron altar of Okawaru.
  2086 | D:2      | Reached XP level 3. HP: 20/26 MP: 1/6
  3102 | D:3      | Noticed Purgy
  3128 | D:3      | Noticed a big kobold
  3135 | D:3      | HP: 1/26 [rat (1)]
  3136 | D:3      | Slain by a kobold

Skill      XL: |  1  2 |
---------------+-------+-----
Necromancy     | 5 |  5.2
Fighting       | 1 |  1.3
Dodging        | |  1.7
Stealth        | |  1.7
Spellcasting   | |  2.4

Action                   || total
-------------------------++-------
Melee: Unarmed           ||     2
       Dagger            ||     4
 Cast: Pain              ||    69
       Animate Skeleton  ||    10
  Use: Scroll            ||     5
 Stab: Sleeping          ||     1
  Eat: Chunk             ||     7
Armor: Robe              ||    14
Dodge: Dodged            ||    65
